 Dungeon Crawl Stone Soup version 0.28-a0-793-g31680bbd8b (webtiles) character file.

Game seed: 12467289743243050078

366 demibob the Ruffian (level 6, 0/51 HPs)
             Began as a Ghoul Monk on Nov 4, 2021.
             Slain by an orc warrior (3 damage)
             ... on level 4 of the Dungeon.
             The game lasted 00:09:02 (3530 turns).

demibob the Ruffian (Ghoul Monk)                    Turns: 3530, Time: 00:09:03

Health: 0/51       AC:  3    Str: 12 (15) XL:     6   Next: 68%
Magic:  0/5        EV: 12    Int:  3 (5)  God:
Gold:   130        SH:  0    Dex: 12 (13) Spells: 5/5 levels left

rFire   . . .      SeeInvis .     - Unarmed
rCold   + . .      Faith    .   (no shield)
rNeg    + + +      Spirit   +   a - +1 robe
rPois   ∞          Reflect  .   (no helmet)
rElec   .          Harm     .   (no cloak)
rCorr   .          Rampage  .   (no gloves)
Will    .....                   (no boots)
Stlth   ++........              i - amulet of guardian spirit
HPRegen 0.00/turn               (no ring)
MPRegen 0.09/turn               (no ring)

@: inhibited regen
A: claws 1, cold resistance 1, negative energy resistance 3, inhibited
regeneration, torment resistance 2
a: no special abilities


You were on level 4 of the Dungeon.
You visited 1 branch of the dungeon, and saw 4 of its levels.

You collected 130 gold pieces.


Innate Abilities, Weirdness & Mutations

You thrive by killing the living.
You are immune to poison.
You have sharp fingernails.
Your flesh is cold resistant. (rC+)
You are immune to negative energy. (rN+++)
You do not regenerate when monsters are visible.
You are immune to unholy pain and torment.


   Skills:
 - Level 3.2 Fighting
 + Level 2.7 Bows
 - Level 2.6 Dodging
 - Level 2.1 Stealth
 + Level 7.1 Unarmed Combat


You had 5 spell levels left.
You didn't know any spells.
Your spell library contained the following spells:

 Spells                   Type           Power      Damage    Failure   Level
 Airstrike                Air            0%         N/A       99%         4
 Summon Lightning Spire   Summ/Air       0%         N/A       99%         4
 Lightning Bolt           Conj/Air       0%         1d11      100%        5

Inventory:

Hand Weapons
 b - a +6 shortbow of freezing
Missiles
 n - 6 arrows
Armour
 a - a +1 robe (worn)
Magical Staves
 l - a staff of poison {!a}
Jewellery
 i - an amulet of guardian spirit (around neck)
 C - a ring of ice
Scrolls
 c - a scroll of enchant armour
 g - a scroll of identify {@r1}
Potions
 m - a potion of degeneration
 o - a potion of ambrosia

Dungeon Overview and Level Annotations

Branches:
Dungeon (4/15)
 Temple: D:4-7

Altars:
Ashenzari
Wu Jian

Shops:
D:2

( ###.######.##
#......#.# ###
########...#.#
...#..........#.#
##.#^##########.#
#.............#.#
.#.....######.##)#
...............#.#
...............#@#
....###........#o#
.... +........#.#
#...# #........#.#
...............#.#
##.#######.....#.#
# .....
#.....#.#####.#
.#.##
###.............#
.....
.........>......#


You could see an orc warrior.


Message History

You destroy the wight!
You miss the kobold. The kobold closely misses you.
You closely miss the kobold. The kobold hits you but does no damage.
You claw the kobold!
You kill the kobold!
You feel better.
Okay, then.
You scratch the orc warrior but do no damage.
The orc warrior hits you with a +0 hand axe!
You claw the orc warrior!
The orc warrior is moderately wounded.
The orc warrior hits you with a +0 hand axe!
* * * LOW HITPOINT WARNING * * *
You feel better.
The orc warrior hits you with a +0 hand axe!
* * * LOW HITPOINT WARNING * * *
Okay, then.
You are too injured to fight recklessly!
You are too injured to fight recklessly!
You barely miss the orc warrior.
The orc warrior is moderately wounded.
The orc warrior hits you with a +0 hand axe!
* * * LOW HITPOINT WARNING * * *
You closely miss the orc warrior.
The orc warrior is moderately wounded.
The orc warrior misses you.
You scratch the orc warrior but do no damage.
The orc warrior is moderately wounded.
The orc warrior hits you with a +0 hand axe.
You die...

Skill      XL: |  1  2  3  4  5  6 |
---------------+-------------------+-----
Unarmed Combat | 4 5 6 7 |  7.1
Bows           | 1 2 |  2.7
Fighting       | |  3.2
Dodging        | |  2.6
Stealth        | |  2.1

Action                   |  1- 3 |  4- 6 || total
-------------------------+-------+-------++-------
Melee: Unarmed           |   121 |   170 ||   291
       Punch             |     3 |     2 ||     5
 Fire: Shortbow          |       |    15 ||    15
  Use: Scroll            |       |    12 ||    12
       Potion            |       |     6 ||     6
 Stab: Sleeping          |     2 |     6 ||     8
       Invisible         |       |     3 ||     3
Armor: Robe              |    11 |    29 ||    40
Dodge: Dodged            |    61 |    99 ||   160

Levels and vault maps discovered:
D:1:      dpeg_arrival_arbitrary_b, layout_basic,
          hellmonk_ecumenical_altar_arch_garden
D:2:      minmay_chambers_of_twos, layout_basic, serial_shops,
          nicolae_square_shop, basic_altar, chequers_garden, minivault_14,
          minmay_increasing_density
D:3:      layout_rooms, general_overflow_altar
D:4:      old_forge, layout_basic, marbit_many_paths, xom_confusion_cloud,
          gammafunk_temple_overflow_claw

Notes
Turn   | Place    | Note
-------+----------+-------------------------------------------
     0 | D:1      | demibob the Ghoul Monk began the quest for the Orb.
     0 | D:1      | Reached XP level 1. HP: 19/19 MP: 0/0
    30 | D:1      | Found a faded altar of an unknown god.
   118 | D:1      | Reached XP level 2. HP: 13/26 MP: 1/1
   322 | D:1      | Reached skill level 4 in Unarmed Combat
   688 | D:1      | Reached XP level 3. HP: 16/31 MP: 2/2
  1689 | D:2      | Reached skill level 5 in Unarmed Combat
  1732 | D:2      | Reached XP level 4. HP: 38/38 MP: 3/3
  2207 | D:2      | Found Hotasug's Weapon Boutique.
  2473 | D:2      | Found a broken altar of Ashenzari.
  2553 | D:2      | Reached skill level 6 in Unarmed Combat
  2640 | D:2      | Reached XP level 5. HP: 45/45 MP: 4/4
  2658 | D:2      | Identified a scroll of acquirement
  2658 | D:2      | Acquired a +4 shortbow of freezing
  2769 | D:3      | Reached skill level 1 in Bows
  2820 | D:3      | Found an ornate altar of the Wu Jian Council.
  3170 | D:4      | Reached XP level 6. HP: 48/51 MP: 5/5
  3208 | D:4      | Reached skill level 2 in Bows
  3255 | D:4      | Noticed an orc warrior
  3362 | D:4      | Reached skill level 7 in Unarmed Combat
  3528 | D:4      | HP: 3/51 [orc warrior (7)]
  3530 | D:4      | Slain by an orc warrior

Vanquished Creatures
  A scorpion (D:4)
  3 wights (D:4)
  An orc wizard (D:3)
  5 adders
  A worm (D:2)
  3 dart slugs
  5 orcs
  2 ball pythons
  6 bats
  9 endoplasms
  5 giant cockroaches
  6 goblins
  10 hobgoblins
  11 jackals
  7 kobolds
  5 quokkas
  6 frilled lizards
  9 rats
95 creatures vanquished.

Vanquished Creatures (others)
  A scorpion (D:4)
  A jackal (D:4)
2 creatures vanquished.

Grand Total: 97 creatures vanquished

Table legend: (Time is in decaauts)
 A = Elapsed time spent in this place.
 B = Non-inter-level travel time spent in this place.
 C = Inter-level travel time spent in this place.
 D = Time resting spent in this place.
 E = Time spent auto-exploring this place.
 F = Levels seen in this place.
 G = Mean time per level.
                   A        B        C        D        E       F      G
               +--------+--------+--------+--------+--------+-----+--------+
         Total |   3502 |   3369 |    133 |    754 |   1944 |   4 |  875.5 |
       Dungeon |   3502 |   3369 |    133 |    754 |   1944 |   4 |  875.5 |
               +--------+--------+--------+--------+--------+-----+--------+

Top non-repeatable levels by time:
     D:1: 1595 daAuts
     D:2: 1115 daAuts
     D:4: 398 daAuts
     D:3: 392 daAuts

Table legend:
 A = Non-vault XP
 B = Vault XP
 C = Vault XP percentage of total XP
 D = Non-vault monster count
 E = Vault monster count
 F = Vault count percentage of total count
                 A         B        C        D         E       F
            +---------+---------+-------+---------+---------+-------
      Total |     481 |      43 |   8.2 |      79 |      16 |  16.8
            +---------+---------+-------+---------+---------+-------
        D:1 |      62 |       0 |   0.0 |      35 |       0 |   0.0
        D:2 |      60 |      43 |  41.7 |      19 |      16 |  45.7
        D:3 |      79 |       0 |   0.0 |      17 |       0 |   0.0
        D:4 |     280 |       0 |   0.0 |       8 |       0 |   0.0
            +---------+---------+-------+---------+---------+-------
